 Dungeon Crawl Stone Soup version 0.22-a0-224-g8cf3520 (webtiles) character file.

2566 Azzok the Fighter (level 9, -3/62 HPs)
             Began as a Deep Elf Berserker on Feb 19, 2018.
             Was an Elder of Trog.
             Slain by a killer bee (4 damage)
             ... on level 6 of the Dungeon.
             The game lasted 00:10:31 (6391 turns).

Azzok the Fighter (Deep Elf Berserker)              Turns: 6391, Time: 00:10:32

Health: -3/62      AC: 11    Str: 14    XL:     9   Next: 31%
Magic:  11/11      EV:  7    Int: 16    God:    Trog [****..]
Gold:   312        SH:  0    Dex: 14    Spells: 8/8 levels left

rFire    . . .     SeeInvis .   o - +3 quarterstaff (chaos)
rCold    . . .     Gourm    .   (shield currently unavailable)
rNeg     + . .     Faith    .   r - +0 chain mail
rPois    .         Spirit   .   l - +0 helmet
rElec    .         Reflect  .   p - +0 cloak
rCorr    .         Harm     .   g - +0 pair of gloves
MR       .....                  (no boots)
Stlth    ..........             (no amulet)
HPRegen  0.20/turn              y - ring of positive energy
MPRegen  0.12/turn              (no ring)

@: lethally poisoned (-3 -> -19), berserk cooldown
A: no striking features
a: Berserk, Trog's Hand, Brothers in Arms, Renounce Religion


You were on level 6 of the Dungeon.
You worshipped Trog.
Trog was greatly pleased with you.
You were hungry.

You visited 1 branch of the dungeon, and saw 7 of its levels.

You collected 312 gold pieces.

Inventory:

Hand Weapons
 o - a +3 quarterstaff of chaos (weapon)
 A - a +0 shortbow
Missiles
 i - 44 arrows
Armour
 g - a +0 pair of gloves (worn)
 h - a +0 ring mail of cold resistance
 l - a +0 helmet (worn)
 p - a +0 cloak (worn)
 r - a +0 chain mail (worn)
Jewellery
 d - an uncursed ring of ice
 s - an uncursed ring of magical power
 y - a ring of positive energy (left hand)
Scrolls
 b - 2 scrolls of amnesia {unknown}
 e - 8 scrolls of identify {unknown}
 k - 3 scrolls of teleportation {unknown}
 m - 4 scrolls of remove curse {unknown}
 q - 2 scrolls of immolation {unknown}
 u - a scroll of fear {unknown}
 v - a scroll of enchant weapon {unknown}
 x - 2 scrolls of magic mapping {unknown}
 C - a scroll of summoning {unknown}
Potions
 j - a potion of berserk rage {unknown}
 n - a potion of invisibility {unknown}
 t - a potion of haste {unknown}
 w - a potion of curing {unknown}
 B - a potion of flight {unknown}
Comestibles
 c - 11 rations


   Skills:
 + Level 9.9 Fighting
   Level 2.6 Long Blades
 + Level 6.0 Bows
 - Level 1.5 Armour
 - Level 2.4 Dodging


You had 8 spell levels left.
You didn't know any spells.

Dungeon Overview and Level Annotations

Branches:
Dungeon (7/15)             Temple (0/1) D:6

Altars:
Ashenzari
Gozag
Nemelex Xobeh
Okawaru
Qazlal
Ru
Vehumet
Xom
Zin


Message History

You climb upwards.
* * * LOW HITPOINT WARNING * * *
You feel very sick.
There is a stone staircase leading down, spattered with blood here.
Okay, then.
It was a potion of magic.
Magic courses through your body.
* * * LOW HITPOINT WARNING * * *
You feel sick. The killer bee barely misses you. The killer bee stings you.
* * * LOW HITPOINT WARNING * * *
You are more poisoned.
The killer bee poisons you! The killer bee stings you.
* * * LOW HITPOINT WARNING * * *
It was a potion of cancellation.
Your magical effects are unravelling.
You feel magically purged.
You feel yourself speed up.
* * * LOW HITPOINT WARNING * * *
You feel very sick. The killer bee stings you.
You die...

▒····▒▒▒▒▒▒▒▒▒▒▒▒▒······▒
▒·▒▒···▒▒········▒······▒
···▒▒▒·▒▒··········▒····▒
·▒·▒▒▒·▒▒··········▒····▒
··················▒▒··▒▒▒
▒▒·····▒···········▒·▒▒
▒▒▒▒············▒···▒
▒▒···▒····▒▒▒▒·▒▒▒
▒······▒·▒·@y·▒▒▒▒▒
▒▒▒▒··········▒▒·····▒▒▒▒
▒▒·················(▒····▒▒
▒▒··▒▒▒▒···▒······▒▒·▒▒▒▒··▒
···▒▒ ▒·▒···▒▒▒··▒▒·▒▒▒▒'▒▒▒
▒▒▒▒▒▒▒▒·▒▒··▒▒▒··▒▒··▒·····▒
···················▒▒▒▒·▒▒▒·▒▒▒
▒▒▒▒▒▒▒▒···▒··▒▒····▒·╬·▒>▒·'·▒
▒▒▒▒···▒▒▒▒··▒·▒····▒·▒╬▒·▒·▒


You could see a killer bee.

Vanquished Creatures
  Pikel (D:4)
  Eustachio (D:4)
  A sky beast (D:6)
  A slave (D:4)
  3 ice beasts
  A black bear (D:6)
  2 necrophages (D:6)
  2 centaurs
  2 ogres (D:5)
  Blork the orc (D:6)
  A gnoll sergeant (D:5)
  A killer bee (D:7)
  A howler monkey (D:5)
  A crimson imp (D:6)
  A quasit (D:5)
  4 hounds
  Crazy Yiuf (D:2)
  An orc priest (D:5)
  2 bullfrog skeletons (D:5)
  Terence (D:2)
  An iguana (D:4)
  2 orc wizards (D:5)
  5 worker ants
  A hound skeleton (D:4)
  Robin (D:3)
  11 gnolls
  A howler monkey skeleton (D:5)
  5 adders
  2 oozes
  An adder skeleton (D:4)
  2 worms
  2 dart slugs
  5 leopard geckos
  3 orcs
  2 ball pythons (D:1)
  4 bats
  4 giant cockroaches
  20 goblins
  8 hobgoblins
  10 jackals
  3 quokkas
  2 frilled lizards
  5 kobolds
  8 rats
137 creatures vanquished.

Vanquished Creatures (others)
  A hobgoblin (D:1)
1 creature vanquished.

Grand Total: 138 creatures vanquished

Notes
Turn   | Place    | Note
-------+----------+-------------------------------------------
     0 | D:1      | Azzok the Deep Elf Berserker began the quest for the Orb.
     0 | D:1      | Reached XP level 1. HP: 13/13 MP: 3/3
     6 | D:1      | Noticed a lindwurm
     6 | D:1      | Noticed a wyvern
     6 | D:1      | Noticed a komodo dragon
     6 | D:1      | Noticed a hound
   566 | D:1      | Reached XP level 2. HP: 18/18 MP: 4/4
   578 | D:1      | Reached skill level 3 in Fighting
  1222 | D:2      | Reached ** piety under Trog
  1225 | D:2      | Reached XP level 3. HP: 23/23 MP: 5/5
  1415 | D:2      | Found a runed door.
  1419 | D:2      | Noticed Crazy Yiuf
  1422 | D:2      | Killed Crazy Yiuf
  1422 | D:2      | Reached skill level 4 in Fighting
  1422 | D:2      | Reached XP level 4. HP: 29/29 MP: 6/6
  1510 | D:2      | Noticed Terence
  1521 | D:2      | Killed Terence
  2152 | D:3      | Found a sacrificial altar of Ru.
  2161 | D:3      | Noticed Robin
  2165 | D:3      | Reached XP level 5. HP: 34/34 MP: 7/7
  2173 | D:3      | Reached *** piety under Trog
  2220 | D:3      | Killed Robin
  2509 | D:3      | Reached skill level 5 in Fighting
  2981 | D:4      | Reached XP level 6. HP: 33/40 MP: 8/8
  3112 | D:4      | Noticed a slave
  3121 | D:4      | Killed a slave
  3137 | D:4      | Noticed Pikel
  3137 | D:4      | Noticed a slave
  3137 | D:4      | Noticed a slave
  3137 | D:4      | Noticed a slave
  3157 | D:4      | Killed Pikel
  3157 | D:4      | Reached skill level 7 in Fighting
  3157 | D:4      | Reached XP level 7. HP: 8/48 MP: 9/9
  3432 | D:4      | Found a glowing silver altar of Zin.
  3433 | D:4      | Found an opulent altar of Gozag.
  3659 | D:4      | Noticed Eustachio
  3664 | D:4      | Killed Eustachio
  3722 | D:4      | Noticed Sigmund
  3727 | D:4      | Noticed Sigmund
  3727 | D:4      | Sigmund changed into Sigmund the iguana
  3728 | D:4      | Killed Sigmund the iguana
  3728 | D:4      | Reached skill level 8 in Fighting
  3908 | D:5      | Entered Level 5 of the Dungeon
  3921 | D:5      | Reached XP level 8. HP: 48/54 MP: 10/10
  3926 | D:5      | Found a sparkling altar of Nemelex Xobeh.
  4206 | D:5      | Found an iron altar of Okawaru.
  4469 | D:5      | Reached skill level 1 in Bows
  4806 | D:5      | Reached skill level 9 in Fighting
  5075 | D:5      | Found a radiant altar of Vehumet.
  5267 | D:6      | Reached **** piety under Trog
  5376 | D:6      | Noticed Blork the orc
  5381 | D:6      | Killed Blork the orc
  5381 | D:6      | Reached XP level 9. HP: 61/61 MP: 11/11
  5421 | D:6      | Found a stormy altar of Qazlal.
  5443 | D:6      | Reached skill level 5 in Bows
  5487 | D:6      | Found a shattered altar of Ashenzari.
  6068 | D:6      | Found a staircase to the Ecumenical Temple.
  6114 | D:7      | Found a shimmering altar of Xom.
  6391 | D:6      | HP: 1/62 [poisoned by a killer bee]
  6391 | D:6      | Slain by a killer bee

Vault maps used:
D:1:      onia_arrival_zoo_common, lemuel_flame_loot_1
D:2:      uniq_crazy_yiuf_cottage, uniq_terence
D:3:      lemuel_crystal_altar, uniq_robin
D:4:      grunt_temple_overflow_gold_and_silver, first_ration,
          hangedman_glass_teeth, hangedman_abyss_or_decor_stagger, uniq_sigmund,
          uniq_pikel, uniq_eustachio
D:5:      nemelex_xobeh_ov_fountains_minmay, old_standard_altar,
          vehumet_crystals
D:6:      lemuel_doored_altar, ashenzari_conservatory_becter,
          minmay_temple_entry_glassed_door, uniq_blork_the_orc
D:7:      xom_butterflies

Skill      XL: |  1  2  3  4  5  6  7  8  9 |
---------------+----------------------------+-----
Fighting       | 3 4 5 7 8 9 |  9.9
Bows           | 4 6 |  6.0
Long Blades    | |  2.6
Armour         | |  1.5
Dodging        | |  2.4

Action                   |  1- 3 |  4- 6 |  7- 9 || total
-------------------------+-------+-------+-------++-------
Melee: Falchion          |    91 |       |       ||    91
       Quarterstaff      |       |   155 |   207 ||   362
Invok: Berserk           |     2 |     3 |     9 ||    14
  Use: Potion            |       |     1 |     2 ||     3
 Stab: Confused          |       |       |     1 ||     1
  Eat: Chunk             |     3 |     8 |    16 ||    27
       Ration            |       |       |     1 ||     1
Armor: Animal skin       |     5 |       |       ||     5
       Ring mail         |    30 |    19 |       ||    49
       Chain mail        |       |   163 |   179 ||   342
Dodge: Dodged            |    60 |   112 |    94 ||   266
       Rpst.: Falchion   |    21 |       |       ||    21

Table legend:
 A = Spawn XP
 B = Non-spawn XP
 C = Spawn XP percentage of total XP
 D = Spawn monster count
 E = Non-spawn monster count
 F = Spawn count percentage of total count
 G = Total turns spent on level
                    A         B        C        D         E        F      G
               +---------+---------+-------+---------+---------+-------+---------
         Total |       0 |    3667 |   0.0 |       0 |     136 |   0.0 |  6391
               +---------+---------+-------+---------+---------+-------+---------
           D:1 |       0 |      27 |   0.0 |       0 |      17 |   0.0 |  1210
           D:2 |       0 |     151 |   0.0 |       0 |      27 |   0.0 |   757
           D:3 |       0 |      74 |   0.0 |       0 |      27 |   0.0 |   788
           D:4 |       0 |    1122 |   0.0 |       0 |      17 |   0.0 |  1153
           D:5 |       0 |    1005 |   0.0 |       0 |      28 |   0.0 |  1328
           D:6 |       0 |    1097 |   0.0 |       0 |      18 |   0.0 |  1085
           D:7 |       0 |     191 |   0.0 |       0 |       2 |   0.0 |    70
               +---------+---------+-------+---------+---------+-------+---------
